 Dungeon Sprint DCSS version 0.21-a0-265-gb353147 (webtiles) character file.

165 Kidiri the Thaumaturge (level 5, -11/29 HPs)
             Began as a Deep Elf Fire Elementalist on Sept 10, 2017.
             Was an Initiate of Vehumet.
             Mangled by an earth elemental (30 damage)
             ... summoned by a deep elf mage
             ... in the Dungeon (Sprint III: "The Ten Rune Challenge").
             The game lasted 00:03:25 (545 turns).

Kidiri the Thaumaturge (Deep Elf Fire Elementalist)  Turns: 545, Time: 00:03:25

Health: -11/29     AC:  5    Str:  5    XL:     5   Next: 21%
Magic:  13/19      EV: 13    Int: 21    God:    Vehumet [......]
Gold:   17         SH:  0    Dex: 15    Spells: 5/23 levels left

rFire    . . .     SeeInvis .   k - +0 dagger
rCold    . . .     Gourm    .   (no shield)
rNeg     . . .     Faith    .   a - +0 robe
rPois    .         Spirit   .   (no helmet)
rElec    .         Reflect  .   (no cloak)
rCorr    .         Harm     .   (no gloves)
MR       .....     NoTele   +   (no boots)
Stlth    ++........             (no amulet)
HPRegen  0.09/turn              (no ring)
MPRegen  0.16/turn              (no ring)

@: no status effects
A: thin metallic scales 1, sense surroundings 1, shaggy fur 1, wild magic 1
a: Renounce Religion


You were in the Dungeon.
You worshipped Vehumet.
Vehumet was noncommittal.
You were not hungry.

You visited 1 branch You collected 17 gold pieces.

Inventory:

Hand Weapons
 k - a +0 dagger (weapon)
Armour
 a - a +0 robe (worn)
Scrolls
 i - a scroll of blinking
 l - 3 scrolls of immolation {unknown}
 m - 3 scrolls of identify
 n - 3 scrolls of remove curse
Potions
 e - a potion of heal wounds
 f - a potion of haste
 g - 2 potions of magic
 h - a potion of berserk rage
 p - a potion of flight {unknown}
 r - 2 potions of mutation
Books
 s - a book of Conjurations

   Spells                             Type                      Level
   a - Magic Dart                     Conjuration                  1
   b - Searing Ray                    Conjuration                  2
   c - Dazzling Spray                 Conjuration/Hexes            3
   d - Fulminant Prism                Conjuration/Hexes            4
   e - Force Lance                    Conjuration/Translocation    4
   f - Iskenderun's Mystic Blast      Conjuration                  4
Comestibles
 c - a bread ration
 j - 2 chunks of flesh
 o - a meat ration
 q - a royal jelly


   Skills:
 + Level 1.0 Fighting
 + Level 1.2 Short Blades
 + Level 1.0 Armour
 + Level 3.1 Dodging
 - Level 2.4 Stealth
 * Level 9.8 Spellcasting
 + Level 5.4 Conjurations
 + Level 6.4 Fire Magic


You had 5 spell levels left.
You knew the following spells:

 Your Spells              Type           Power        Failure   Level  Hunger
a - Flame Tongue          Conj/Fire      #####        1%          1    None
b - Throw Flame           Conj/Fire      #####.       1%          2    None
c - Conjure Flame         Conj/Fire      #####...     3%          3    None
d - Inner Flame           Hex/Fire       ####....     9%          3    None
e - Sticky Flame          Conj/Fire      #####...     9%          4    ##.....
f - Fireball              Conj/Fire      #####.....   22%         5    ####...


Dungeon Overview and Level Annotations

Branches:
Dungeon (1/1)

Altars:
Elyvilon
Kikubaaqudgha
Sif Muna
Vehumet
Zin
The Shining One


Innate Abilities, Weirdness & Mutations

You are partially covered in thin metallic scales. (AC +2)
You passively map a small area around you.
You are covered in fur. (AC +1)
Your spells are a little harder to cast, but a little more powerful.


Message History

There is a white marble altar of Elyvilon here.
Unknown command.
Press < or > to pray at altars.
Casting: Flame Tongue
Confirm with . or Enter, or press ? or * to list all spells.
Aiming: Flame Tongue
Press: ? - help, Shift-Dir - straight line, f/p - deep elf mage
Aim: a deep elf mage, wielding a long sword of holy wrath (severely wounded, covered in liquid flames)
The flame tongue hits the deep elf mage.
The deep elf mage is severely wounded.
The deep elf mage burns!
The deep elf mage casts a spell.
The deep elf mage blinks!
Unknown command.
Press < or > to pray at altars.
You feel better.
The deep elf mage burns!
The deep elf mage stops burning.
The deep elf mage gestures wildly while chanting.
The earth elemental hits you!!
Ouch! That really hurt!
You die...

▓▓▓▓▓▓▓▓ ▓▓▓ #..+...♣♣♣
♣.##### #..#.....♣ ♣.#@E_#_
* ####.....♣♣ ♣.#!E.# ,
...#....≈.♣♣♣♣.###E#+###+*
...#...÷≈..♣...#...eE.....
...#..≈≈≈≈...♣.'.⌠........*
,
##'#..≈≈≈≈≈≈♣♣.#...######+
* ...#.≈≈≈≈≈≈....#.⌠.# _ ,
...#.≈≈≈≈≈.....#...#__
...#.≈≈≈.......#+### ,


You could see 4 earth elementals and a deep elf mage.

Vanquished Creatures
  A water elemental (D)
  A scorpion (D)
  A wizard (D)
  A human (D)
  A kobold demonologist (D)
  4 rats (D)
9 creatures vanquished.

Vanquished Creatures (others)
  2 draconian scorchers (D)
  A yaktaur (D)
  6 hellions (D)
  3 plants (D)
12 creatures vanquished.

Grand Total: 21 creatures vanquished

Notes
Turn   | Place    | Note
-------+----------+-------------------------------------------
     0 | D        | Kidiri the Deep Elf Fire Elementalist began the quest for the Orb.
     0 | D        | Reached XP level 1. HP: 10/10 MP: 6/6
    77 | D        | Noticed a scorpion
    85 | D        | Killed a scorpion
    85 | D        | Reached skill level 7 in Spellcasting
    85 | D        | Reached skill level 5 in Fire Magic
    85 | D        | Reached XP level 2. HP: 2/15 MP: 2/12
    85 | D        | Reached XP level 3. HP: 2/19 MP: 2/13
    88 | D        | Killed a hellion
    89 | D        | Learned a level 2 spell: Throw Flame
    90 | D        | Killed a hellion
    90 | D        | Killed a hellion
    93 | D        | Learned a level 3 spell: Conjure Flame
    97 | D        | Learned a level 3 spell: Inner Flame
   116 | D        | Gained mutation: Scrolls take you a little longer to read. [potion of mutation]
   116 | D        | Lost mutation: Scrolls take you a little longer to read. [potion of mutation]
   116 | D        | Gained mutation: Your magical capacity is low. (-10% MP) [potion of mutation]
   116 | D        | Gained mutation: You are partially covered in thin metallic scales. (AC +2) [potion of mutation]
   117 | D        | Lost mutation: Your magical capacity is low. (-10% MP) [potion of mutation]
   117 | D        | Gained mutation: Your magical capacity is low. (-10% MP) [potion of mutation]
   117 | D        | Gained mutation: You are agile. (Dex +2) [potion of mutation]
   118 | D        | Lost mutation: You are agile. (Dex +2) [potion of mutation]
   118 | D        | Lost mutation: Your magical capacity is low. (-10% MP) [potion of mutation]
   118 | D        | Gained mutation: You are clumsy. (Dex -2) [potion of mutation]
   118 | D        | Gained mutation: You are robust. (+10% HP) [potion of mutation]
   119 | D        | Lost mutation: You are clumsy. (Dex -2) [potion of mutation]
   119 | D        | Lost mutation: You are robust. (+10% HP) [potion of mutation]
   119 | D        | Gained mutation: You are dopey. (Int -2) [potion of mutation]
   119 | D        | Gained mutation: You have a pair of small horns on your head. [potion of mutation]
   119 | D        | Lost mutation: You have a pair of small horns on your head. [potion of mutation]
   119 | D        | Gained mutation: You passively map a small area around you. [potion of mutation]
   120 | D        | Lost mutation: You passively map a small area around you. [potion of mutation]
   120 | D        | Lost mutation: You are dopey. (Int -2) [potion of mutation]
   120 | D        | Gained mutation: You are covered in fur. (AC +1) [potion of mutation]
   120 | D        | Gained mutation: Your spells are a little harder to cast, but a little more powerful. [potion of mutation]
   120 | D        | Gained mutation: You passively map a small area around you. [potion of mutation]
   153 | D        | Killed a hellion
   169 | D        | Killed a yaktaur
   176 | D        | Killed a hellion
   263 | D        | Killed a white draconian scorcher
   283 | D        | Killed a hellion
   357 | D        | Killed a white draconian scorcher
   373 | D        | Reached XP level 4. HP: 24/24 MP: 7/15
   396 | D        | Learned a level 4 spell: Sticky Flame
   434 | D        | Noticed a water elemental
   437 | D        | Killed a water elemental
   437 | D        | Reached skill level 9 in Spellcasting
   437 | D        | Reached skill level 5 in Conjurations
   468 | D        | Found a radiant altar of Vehumet.
   469 | D        | Found a deep blue altar of Sif Muna.
   469 | D        | Found an ancient bone altar of Kikubaaqudgha.
   469 | D        | Noticed a wizard
   471 | D        | Killed a wizard
   471 | D        | Reached XP level 5. HP: 28/28 MP: 10/19
   472 | D        | Noticed a red devil
   472 | D        | Reached skill level 1 in Fighting
   472 | D        | Reached skill level 1 in Short Blades
   472 | D        | Reached skill level 1 in Armour
   482 | D        | Became a worshipper of Vehumet
   489 | D        | Learned a level 5 spell: Fireball
   538 | D        | Found a glowing silver altar of Zin.
   539 | D        | Found a glowing golden altar of the Shining One.
   539 | D        | Found a white marble altar of Elyvilon.
   539 | D        | Noticed a deep elf mage
   545 | D        | Mangled by an earth elemental

Vault maps used:
D:        dungeon_sprint_mu

Skill      XL: |  1  2  3  4  5 |
---------------+----------------+-----
Spellcasting   | 7 9 |  9.8
Conjurations   | 3 4 5 |  5.4
Fire Magic     | 5 6 |  6.4
Fighting       | 1 |  1.0
Short Blades   | 1 |  1.2
Armour         | 1 |  1.0
Dodging        | 3 |  3.1
Stealth        | |  2.4

Action                   |  1- 3 |  4- 6 || total
-------------------------+-------+-------++-------
 Cast: Flame Tongue      |    13 |     3 ||    16
       Throw Flame       |     2 |       ||     2
       Sticky Flame      |       |     3 ||     3
       Conjure Flame     |       |     1 ||     1
  Use: Potion            |     5 |     1 ||     6
Armor: Robe              |       |     4 ||     4
Dodge: Dodged            |     1 |     1 ||     2

Table legend:
 A = Spawn XP
 B = Non-spawn XP
 C = Spawn XP percentage of total XP
 D = Spawn monster count
 E = Non-spawn monster count
 F = Spawn count percentage of total count
 G = Total turns spent on level
                    A         B        C        D         E        F      G
               +---------+---------+-------+---------+---------+-------+---------
         Total |       0 |     236 |   0.0 |       0 |       9 |   0.0 |   545
               +---------+---------+-------+---------+---------+-------+---------
             D |       0 |     236 |   0.0 |       0 |       9 |   0.0 |   545
               +---------+---------+-------+---------+---------+-------+---------
